 Dungeon Crawl Stone Soup version 0.29-a0-575-g0dc89cf (webtiles) character file.

Game seed: 16265016823149871281

373 Illumine the Chopper (level 7, -3/60 HPs)
             Began as a Meteoran Berserker on June 13, 2022.
             Was a Follower of Trog.
             Succumbed to a water moccasin's poison
             ... on level 6 of the Dungeon.
             The game lasted 00:04:20 (1247 turns).

Illumine the Chopper (Meteoran Berserker)           Turns: 1247, Time: 00:04:21

Health: -3/60      AC:  6    Str: 21    XL:     7   Next: 23%
Magic:  8/8        EV: 12    Int:  9    God:    Trog [*.....]
Gold:   113        SH:  0    Dex: 15    Spells: 6/6 levels left

rFire   . . .      SeeInvis +   p - +4 hand axe of Iwnel {elec, Dex+2 SInv Stlth+}
rCold   . . .      Faith    .   (no shield)
rNeg    + . .      Spirit   .   l - +3 leather armour {rN+}
rPois   .          Reflect  .   (no helmet)
rElec   .          Harm     .   (no cloak)
rCorr   .          Rampage  .   (no gloves)
Will    .....                   (no boots)
Stlth   +.........              (no amulet)
HPRegen 0.20/turn               (no ring)
MPRegen 0.11/turn               (no ring)

@: lethally poisoned (-3 -> -21), flying, glowing
A: sense surroundings 1, otherworldly, glowing, explore regen
a: Renounce Religion, Berserk


You were on level 6 of the Dungeon.
You worshipped Trog.
Trog was aware of your devotion.
You visited 1 branch of the dungeon, and saw 6 of its levels.

You collected 113 gold pieces.

Inventory:

Hand Weapons
 a - a +0 hand axe
 p - the +4 hand axe of Iwnel (weapon) {elec, Dex+2 SInv Stlth+}
   (You found it on level 6 of the Dungeon)

   It occasionally discharges a powerful burst of electricity upon striking a
   foe.
   Dex:       It affects your dexterity (+2).
   SInv:      It lets you see invisible.
   Stlth:     It makes you more stealthy.
Missiles
 d - 59 stones (quivered)
 i - 2 poisoned darts
 m - 4 atropa-tipped darts
 n - a throwing net
Armour
 f - a +0 ring mail
 l - a +3 leather armour of positive energy (worn)
Wands
 k - a wand of polymorph (10)
Scrolls
 b - a scroll of acquirement {unknown}
 c - a scroll of identify {unknown}
 e - a scroll of immolation {unknown}
 g - a scroll of fog {unknown}
Potions
 h - a potion of heal wounds {unknown}
 j - a potion of lignification {unknown}


   Skills:
 + Level 4.7 Fighting
 * Level 6.5 Axes
 + Level 0.4 Throwing
 + Level 4.5 Armour
 - Level 3.1 Dodging


You had 6 spell levels left.
You didn't know any spells.
Your spell library was empty.

Dungeon Overview and Level Annotations

Branches:
Dungeon (6/15)
 Temple: D:4-7

Altars:


Innate Abilities, Weirdness & Mutations

You passively map a small area around you.
You are easily found by Zot.
You glow in the dark.
You regain HP and MP as you explore.


Message History

You feel very sick.
The water moccasin completely misses you.
You hit the water moccasin.
The water moccasin is moderately wounded.
You recover from your berserk rage.
You feel very sick.
The water moccasin bites you but does no damage.
You slash the water moccasin!
The water moccasin is severely wounded.
You feel very sick. The water moccasin bites you. The water moccasin bites you!
* * * LOW HITPOINT WARNING * * *
You completely miss the water moccasin.
The water moccasin is severely wounded.
You feel very sick. The water moccasin bites you.
* * * LOW HITPOINT WARNING * * *
You miss the water moccasin.
The water moccasin is severely wounded.
You feel sick.
The water moccasin bites you but does no damage. x2
You barely miss the water moccasin.
The water moccasin is severely wounded.
You feel sick. The water moccasin misses you.
You barely miss the water moccasin.
The water moccasin is severely wounded.
You feel sick.
The water moccasin bites you but does no damage.
You hit the water moccasin. Your punch misses the water moccasin.
The water moccasin is severely wounded.
You feel sick. The water moccasin bites you.
* * * LOW HITPOINT WARNING * * *
You are lethally poisoned!
The water moccasin poisons you! The water moccasin bites you.
* * * LOW HITPOINT WARNING * * *
Okay, then.
It was a potion of flight.
You feel very buoyant.
You fly up into the air.
You die...

######### **
#.......#
#.......# *
#.......#*##
#.......##.##.#.
,
#.......<.......,
#>.......#......
, #.@......#
#.### *
*#.S.....##, # *
.......##+##
......#.# ,
,.......#.# , * *
..?....+.# ,* ,
.......#.# * , *,
.......#.., * ,,
* , ,


You could see a water moccasin.

Vanquished Creatures
  An ogre (D:5)
  A jelly (D:3)
  A hound (D:4)
  Natasha (twice) (D:2)
  An iguana (D:5)
  Ijyb (D:4)
  2 orc wizards (D:4)
  4 gnolls
  2 adders
  An ufetubus (D:6)
  4 orcs
  An endoplasm (D:2)
  2 hobgoblins
  A ball python (D:4)
  A bat (D:3)
  A frilled lizard (D:3)
  3 rats
29 creatures vanquished.

Notes
Turn   | Place    | Note
-------+----------+-------------------------------------------
     0 | D:1      | Illumine the Meteoran Berserker began the quest for the
                  | Orb.
     0 | D:1      | Reached XP level 1. HP: 19/19 MP: 2/2
   148 | D:2      | Reached XP level 2. HP: 26/26 MP: 3/3
   163 | D:2      | Reached skill level 4 in Axes
   202 | D:2      | Noticed Natasha
   208 | D:2      | Killed Natasha
   209 | D:2      | Reached XP level 3. HP: 31/31 MP: 4/4
   265 | D:2      | Noticed Natasha
   281 | D:2      | Killed Natasha
   282 | D:2      | Reached XP level 4. HP: 30/40 MP: 5/5
   318 | D:2      | You fall into a shaft and drop 2 floors!
   346 | D:4      | Reached XP level 5. HP: 46/46 MP: 6/6
   350 | D:4      | Reached skill level 5 in Axes
   377 | D:4      | HP: 2/46 [orc wizard/+0 dagger (3)]
   820 | D:5      | Entered Level 5 of the Dungeon
   821 | D:5      | Noticed an ogre
   829 | D:5      | Killed an ogre
   830 | D:5      | Reached skill level 6 in Axes
   830 | D:5      | Reached XP level 6. HP: 20/53 MP: 7/7
  1057 | D:4      | Noticed Ijyb
  1076 | D:4      | Killed Ijyb
  1129 | D:4      | Reached XP level 7. HP: 57/60 MP: 8/8
  1227 | D:6      | Identified the +4 hand axe of Iwnel {elec, Dex+2 SInv
                  | Stlth+}
  1233 | D:6      | Noticed a water moccasin
  1246 | D:6      | HP: 1/60 [water moccasin (6)]
  1247 | D:6      | Succumbed to a water moccasin's poison

Illustrated notes

Levels and vault maps discovered:
D:1:      nagdon_arrival_double_spiral, layout_loops_ring, serial_shops,
          nicolae_diamond_shop, serial_bayou_pond_a
D:2:      cheibrodos_greedy_goblins, layout_loops_corners,
          basic_ecumenical_altar, minmay_tetromino_o4, uniq_natasha,
          uniq_crazy_yiuf_cottage
D:3:      layout_rooms, grunt_qazlal_clouds
D:4:      layout_loops_ring, nicolae_zen_rock_garden, uniq_grinder, uniq_ijyb
D:5:      layout_cave_pools, kennysheep_mini
D:6:      layout_basic, lemuel_doored_altar, mainiacjoe_overflow_alcove_4

Skill      XL: |  1  2  3  4  5 |
---------------+----------------+-----
Axes           | 4 6 |  6.5
Armour         | 3 4 |  4.5
Dodging        | 3 |  3.1
Fighting       | 4 |  4.7
Throwing       | |  0.4

Action                   |  1- 3 |  4- 6 |  7- 9 || total
-------------------------+-------+-------+-------++-------
Melee: Hand axe          |    23 |    61 |    32 ||   116
       Unarmed           |       |     8 |       ||     8
       Punch             |       |     1 |       ||     1
Throw: Stone             |       |     2 |     1 ||     3
Invok: Berserk           |     3 |     4 |     2 ||     9
  Use: Potion            |       |     2 |     1 ||     3
Armor: Animal skin       |     6 |     7 |       ||    13
       Ring mail         |       |     7 |       ||     7
       Skin              |       |     2 |       ||     2
       Leather armour    |       |     1 |    13 ||    14
Dodge: Dodged            |    11 |    27 |    11 ||    49

Table legend: (Time is in decaauts)
 A = Elapsed time spent in this place.
 B = Non-inter-level travel time spent in this place.
 C = Inter-level travel time spent in this place.
 D = Time resting spent in this place.
 E = Time spent auto-exploring this place.
 F = Levels seen in this place.
 G = Mean time per level.
                   A        B        C        D        E       F      G
               +--------+--------+--------+--------+--------+-----+--------+
         Total |   1332 |   1308 |     24 |    464 |    264 |   6 |  222.0 |
       Dungeon |   1332 |   1308 |     24 |    464 |    264 |   6 |  222.0 |
               +--------+--------+--------+--------+--------+-----+--------+

Top non-repeatable levels by time:
     D:4: 730 daAuts
     D:2: 197 daAuts
     D:1: 147 daAuts
     D:5: 137 daAuts
     D:3: 96 daAuts
     D:6: 22 daAuts
